 Dungeon Crawl Stone Soup version 0.27-a0-1186-g8b4daa1eef (webtiles) character file.

Game seed: 6233065301192869470

137 freelancePsychic the Magician (level 5, 0/39 HPs)
             Began as a Djinni Earth Elementalist on May 20, 2021.
             Was a Believer of Ru.
             Slain by Natasha (3 damage)
             ... on level 2 of the Dungeon.
             The game lasted 00:06:20 (2377 turns).

freelancePsychic the Magician (DjEE)                Turns: 2377, Time: 00:06:20

Health: 0/39       AC:  3    Str:  7    XL:     5   Next: 44%
Gold:   79         EV: 12    Int: 17    God:    Ru [**....] SH:  0 Dex: 14

rFire    + . .     SeeInvis .   b - +1 dagger (freeze)
rCold    x x .     Faith    .   (no shield)
rNeg     . . .     Spirit   .   c - +0 robe
rPois    ∞         Reflect  .   (no helmet)
rElec    .         Harm     .   g - +0 cloak
rCorr    .         Rampage  .   (no gloves)
Will     .....                  (boots unavailable)
Stlth    ++........             (no amulet)
HPRegen  0.13/turn              (no ring)
MPRegen  0.00/turn              (no ring)

@: mighty, flying, very slightly contaminated
A: sickness immunity, fire resistance 2, cold vulnerability 1, temperature
sensitive, float, innate caster, hp casting, extra vitality 1
a: Renounce Religion


You were on level 2 of the Dungeon.
You worshipped Ru.
Ru was pleased with you.
You visited 1 branch of the dungeon, and saw 3 of its levels.

You collected 79 gold pieces.

Inventory:

Hand Weapons
 b - a +1 dagger of freezing (weapon)
 l - a +0 dagger
Missiles
 d - 14 stones
Armour
 c - a +0 robe (worn)
 g - a +0 cloak (worn)
Magical Staves
 a - a staff of earth
Scrolls
 i - 5 scrolls of identify {unknown}
 k - a scroll of immolation {unknown}
 o - 2 scrolls of brand weapon {unknown}
Potions
 e - 2 potions of curing {unknown}
 f - a potion of flight {unknown}
 h - 2 potions of might
 j - a potion of lignification {unknown}
 m - a potion of degeneration {unknown}
 n - a potion of resistance {unknown}
 p - a potion of cancellation {unknown}
 q - a potion of brilliance {unknown}


   Skills:
 + Level 2.3 Fighting
 + Level 0.8 Short Blades
 - Level 2.1 Dodging
 - Level 1.5 Stealth
 * Level 3.8 Spellcasting


You couldn't memorise any spells.
You knew the following spells:

 Your Spells              Type           Power      Damage    Failure   Level
a - Sandblast             Erth           32%        2d9       3%          1
b - Passwall              Tmut/Erth      13%        N/A       4%          2
c - Stone Arrow           Conj/Erth      32%        3d9       10%         3
d - Petrify               Tmut/Erth      16%        N/A       32%         4
e - Lee's Rapid Deconstr  Erth           8%         3d8*      67%         5
f - Corona                Hex            17%        N/A       3%          1
g - Slow                  Hex            16%        N/A       4%          2
Your spell library was empty.

Dungeon Overview and Level Annotations

Branches:
Dungeon (3/15)

Altars:
Ru

Annotations:
D:2 Natasha


Innate Abilities, Weirdness & Mutations

You are immune to sickness and miasma.
You are immune to poison.
Your flesh is very heat resistant. (rF++)
You are vulnerable to cold. (rC-)
You are sensitive to extremes of temperature. (rF-, rC-)
You float through the air rather than walking.
You learn spells naturally, not from books.
Your magical power is your life essence.
You have superior vitality. (+4 HP)


Message History

The bat misses you. x2
Your magical contamination has completely faded away.
The bat hits you but does no damage. Natasha closely misses you.
Natasha claws you.
There is a stone staircase leading up here.
Natasha claws you! Natasha claws you but does no damage.
Natasha mumbles some strange words.
Natasha shimmers violently.
Natasha closely misses you.
You fly upwards.
The white imp disappears in a puff of smoke!
There is a stone staircase leading down here.
Casting: Corona (safe; 3% risk of failure)
Confirm with . or Enter, or press ? or * to list all spells.
Aiming: Corona (safe; 3% risk of failure)
Press: ? - help, Shift-Dir - straight line, f - Natasha
Aim: Natasha (fast, chance to affect: 53%)
You miscast Corona.
You are very lightly contaminated with residual magic.
Nothing appears to happen.
You feel yourself speed up.
Natasha wildly gestures.
You feel troubled. Natasha claws you. x2
Casting: Corona (safe; 3% risk of failure)
Confirm with . or Enter, or press ? or * to list all spells.
Aiming: Sandblast (safe; 3% risk of failure)
Press: ? - help, Shift-Dir - straight line, f/p - Natasha
Aim: Natasha (fast, 74% to hit)
The blast of sand hits Natasha!
Natasha is heavily wounded.
Natasha claws you!
* * * LOW HITPOINT WARNING * * *
Natasha claws you.
* * * LOW HITPOINT WARNING * * *
It was a potion of might.
You feel very mighty all of a sudden. Natasha claws you.
You die...

##..........#
####....<......#
#.....†......[.#
..##...........#
####...........#
#....##...######
#.#####.### #.#
#.# ###### #.# #.#
#..h@# >.#
##.#####....#
######...........#
.................#
######.######....#
#......# ######
..##..## .....##
..#####


You could see Natasha (fast).

Vanquished Creatures
  An orc priest (D:3)
  5 adders
  A dart slug (D:2)
  5 orcs (D:3)
  6 ball pythons
  3 bats (D:2)
  2 endoplasms
  3 giant cockroaches
  7 goblins
  3 hobgoblins
  6 jackals (D:2)
  6 kobolds
  A quokka (D:1)
  5 frilled lizards
  A rat (D:1)
55 creatures vanquished.

Vanquished Creatures (others)
  16 plants (D:2)
  A withered plant (D:1)
17 creatures vanquished.

Grand Total: 72 creatures vanquished

Notes
Turn   | Place    | Note
-------+----------+-------------------------------------------
     0 | D:1      | freelancePsychic the Djinni Earth Elementalist began the
                  | quest for the Orb.
     0 | D:1      | Reached XP level 1. HP: 15/15 MP: 0/0
   153 | D:1      | Reached XP level 2. HP: 18/22 MP: 0/0
   210 | D:1      | Found a faded altar of an unknown god.
   369 | D:1      | Became a worshipper of Ru the Awakened
   392 | D:1      | Gained mutation: You are sensitive to extremes of
                  | temperature. (rF-, rC-) [Ru sacrifice]
   392 | D:1      | Reached * piety under Ru
   392 | D:1      | Reached ** piety under Ru
   989 | D:2      | Reached skill level 1 in Fighting
   990 | D:2      | Reached XP level 3. HP: 22/27 MP: 0/0
   990 | D:2      | Learned a level 1 spell: Corona
   997 | D:2      | Reached skill level 3 in Spellcasting
  1483 | D:2      | Reached XP level 4. HP: 16/32 MP: 0/0
  2190 | D:3      | Reached XP level 5. HP: 32/38 MP: 0/0
  2190 | D:3      | Learned a level 2 spell: Slow
  2362 | D:3      | Noticed Natasha
  2377 | D:2      | Slain by Natasha

Illustrated notes

Levels and vault maps discovered:
D:1:      kennysheep_arrival_seaside, layout_basic, shapermc_ecumenical_altar_gd
D:2:      layout_rooms, serial_bayou_lagoon_a
D:3:      layout_basic, ebering_ghost_rock_garden, uniq_natasha

Skill      XL: |  1  2  3  4 |
---------------+-------------+-----
Fighting       | 1 2 |  2.3
Spellcasting   | 3 |  3.8
Short Blades   | |  0.8
Dodging        | |  2.1
Stealth        | |  1.5

Action                   |  1- 3 |  4- 6 || total
-------------------------+-------+-------++-------
Melee: Dagger            |     8 |    17 ||    25
       Staff             |     1 |       ||     1
 Cast: Sandblast         |    33 |    22 ||    55
       Slow              |       |     1 ||     1
       Corona            |       |     1 ||     1
Invok: Sacrifice Resista |     1 |       ||     1
  Use: Potion            |       |     1 ||     1
 Stab: Sleeping          |     1 |     1 ||     2
       Invisible         |     1 |       ||     1
Armor: Robe              |     5 |     5 ||    10
Dodge: Dodged            |    10 |    24 ||    34

Table legend: (Time is in decaauts)
 A = Elapsed time spent in this place.
 B = Non-inter-level travel time spent in this place.
 C = Inter-level travel time spent in this place.
 D = Time resting spent in this place.
 E = Time spent auto-exploring this place.
 F = Levels seen in this place.
 G = Mean time per level.
                   A        B        C        D        E       F      G
               +--------+--------+--------+--------+--------+-----+--------+
         Total |   2379 |   2345 |     34 |      0 |   2032 |   3 |  793.0 |
       Dungeon |   2379 |   2345 |     34 |      0 |   2032 |   3 |  793.0 |
               +--------+--------+--------+--------+--------+-----+--------+

Top non-repeatable levels by time:
     D:1: 984 daAuts
     D:2: 947 daAuts
     D:3: 447 daAuts
